 Dungeon Crawl Stone Soup version 0.23.2 (webtiles) character file.

Game seed: 8814667918602348329

14099 Revguard the Blocker (level 12, -8/133 HPs)
             Began as a Human Fighter on Apr 4, 2019.
             Was a High Priest of Zin.
             Killed from afar by Josephine (23 damage)
             ... with a ghostly fireball
             ... on level 12 of the Dungeon.
             The game lasted 00:53:15 (13449 turns).

Revguard the Blocker (Human Fighter)               Turns: 13449, Time: 00:53:16

Health: -8/133     AC: 17    Str: 25    XL:     12   Next: 41%
Magic:  0/27       EV:  5    Int: 11    God:    Zin [*****.]
Gold:   272        SH: 17    Dex: 18    Spells: 11/11 levels left

rFire    . . .     SeeInvis .   o - +0 mace (crush)
rCold    + . .     Gourm    .   c - +0 shield
rNeg     . . .     Faith    .   w - +3 plate armour {rC+}
rPois    ∞         Spirit   +   k - +0 helmet
rElec    .         Reflect  +   r - scarf {Spirit}
rCorr    .         Harm     .   i - +0 pair of gloves
MR       .....     Rnd*Tele +   (no boots)
Stlth    ..........             t - +5 amulet of reflection
HPRegen  0.32/turn              d - ring of magical power
MPRegen  0.20/turn              (no ring)

@: berserking, vitalised, heavily drained, very quick
A: teleportitis 1, wild magic 1
a: Recite, Vitalisation, Imprison, Sanctuary, Donate Gold, Renounce Religion


You were on level 12 of the Dungeon.
You worshipped Zin.
Zin was extremely pleased with you.
You were not hungry.

You visited 2 branches of the dungeon, and saw 13 of its levels.

You collected 783 gold pieces.
You donated 511 gold pieces to Zin.

Inventory:

Hand Weapons
 o - a +0 mace of crushing (weapon)
Missiles
 y - 19 tomahawks (quivered)
Armour
 c - a +0 shield (worn)
 i - a +0 pair of gloves (worn)
 k - a +0 helmet (worn)
 r - a scarf of spirit shield (worn)
 w - a +3 plate armour of cold resistance (worn)
Jewellery
 d - a ring of magical power (left hand)
 g - an uncursed ring of ice
 t - a +5 amulet of reflection (around neck)
Wands
 l - a wand of paralysis (9)
 q - a wand of disintegration (13)
 v - a wand of digging (6)
Scrolls
 b - 2 scrolls of vulnerability
 h - 6 scrolls of remove curse
 m - 2 scrolls of magic mapping
 p - 10 scrolls of identify
 s - 2 scrolls of fog
 z - 2 scrolls of amnesia
Potions
 e - 5 potions of brilliance
 u - a potion of flight
Comestibles
 a - 3 chunks of flesh
 f - 23 rations


   Skills:
 + Level 6.8(3.8) Fighting
 + Level 10.3(7.0) Maces & Flails
 + Level 7.8(4.7) Armour
 + Level 1.7(0.0) Dodging
 + Level 10.9(7.6) Shields
 * Level 9.0(5.7) Invocations
 + Level 0.2(0.0) Evocations


You had 11 spell levels left.
You didn't know any spells.
Your spell library contained the following spells:

 Spells                   Type           Power        Failure   Level  Hunger
 Animate Skeleton         Necr           N/A          100%        1    ##.....
 Apportation              Tloc           #.....       100%        1    ##.....
 Beastly Appendage        Tmut           #.....       100%        1    ##.....
 Confusing Touch          Hex            #.....       100%        1    ##.....
 Corona                   Hex            #......      100%        1    ##.....
 Summon Small Mammal      Summ           #...         100%        1    ##.....
 Slow                     Hex            #.......     100%        2    ###....
 Sticks to Snakes         Tmut           #.......     100%        2    ###....
 Inner Flame              Hex/Fire       #.......     100%        3    ####...
 Portal Projectile        Hex/Tloc       #.....       100%        3    ####...
 Spider Form              Tmut/Pois      #.........   100%        3    ####...
 Cause Fear               Hex            #.........   100%        4    #####..
 Ice Form                 Ice/Tmut       #.......     100%        4    #####..
 Leda's Liquefaction      Hex/Erth       #.........   100%        4    #####..
 Blade Hands              Tmut           #.........   100%        5    ######.


Dungeon Overview and Level Annotations

Branches:
Dungeon (12/15)            Temple (1/1) D:6            Lair (0/6) D:9
    Orc (0/2) D:9

Altars:
Ashenzari
Cheibriados
Dithmenos
Elyvilon
Fedhas
Gozag
Hepliaklqana
Kikubaaqudgha
Makhleb
Nemelex Xobeh
Okawaru
Qazlal
Ru
Sif Muna
Trog
Uskayaw
Vehumet
Wu Jian
Xom
Yredelemnul
Zin
The Shining One
Jiyva

Shops:
D:4 =

Annotations:
D:12 Josephine


Innate Abilities, Weirdness & Mutations

You are occasionally teleported next to monsters.
Your spells are a little harder to cast, but a little more powerful.


Message History

Josephine is severely wounded.
Josephine is infused with unholy energy.
* * * LOW HITPOINT WARNING * * *
Josephine draws life force from you and is healed!
You sock Josephine!
Josephine is heavily wounded.
Josephine points at you and mumbles some strange words.
The ghostly flame explodes!
The ghostly fireball engulfs you!!
You feel drained.
* * * LOW HITPOINT WARNING * * *
The ghostly fireball engulfs Josephine.
Josephine completely resists.
A red film seems to cover your vision as you go berserk!
You feel yourself moving faster!
You feel mighty! Josephine hits you but does no damage.
You closely miss Josephine.
Josephine is heavily wounded.
Josephine gestures at you while chanting.
The ghostly flame explodes!
The ghostly fireball engulfs you!!
You feel drained.
You die...

####........# #.##
#...........# #...
...........# #...
...........# #...
#........# #...
#........# #...
#........###...
########..............
#....@@WW.####........
########..# #..###...
#.....# #..# #...
#.....# #..# #.##
#.....# #..# #.##
#....W# #..# #.##
#.....# #.. .##
#........W..#
#...........!


You could see Josephine and 2 wraiths.

Vanquished Creatures
  A hydra (D:11)
  A two-headed ogre (D:8)
  An unseen horror (D:11)
  Pikel (D:4)
  An elephant (D:9)
  A troll (D:10)
  A hornet (D:11)
  2 dream sheep (D:11)
  Sigmund (D:5)
  22 yaks
  Grum (D:11)
  3 hungry ghosts
  A basilisk (D:9)
  Menkaure (D:4)
  A water moccasin (D:10)
  5 ice beasts
  A black bear (D:8)
  8 orc warriors
  2 sky beasts
  An eye of draining (D:8)
  A phantom (D:4)
  7 ogres
  3 wolves (D:11)
  2 crocodiles
  A centaur (D:5)
  Blork the orc (D:4)
  5 big kobolds
  5 bullfrogs
  A wyvern zombie (D:11)
  A water moccasin zombie (D:8)
  5 scorpions
  A water moccasin skeleton (D:6)
  21 killer bees
  3 wights (D:11)
  A vampire bat (D:4)
  2 crimson imps (D:5)
  A bullfrog zombie (D:7)
  A quasit (D:8)
  A centaur zombie (D:6)
  4 jellies
  5 orc priests
  A centaur skeleton (D:9)
  9 hounds
  An iron imp (D:9)
  2 iguanas
  7 orc wizards
  7 worker ants
  A killer bee zombie (D:7)
  2 hound skeletons
  A worker ant zombie (D:6)
  A gnoll (D:3)
  A howler monkey skeleton (D:6)
  13 adders
  2 oozes
  An adder skeleton (D:4)
  2 adder zombies
  A worm (D:6)
  4 leopard geckos
  31 orcs
  4 giant cockroaches
  7 goblins
  6 hobgoblins
  17 jackals
  18 kobolds
  8 quokkas
  A ball python (D:3)
  10 bats
  2 frilled lizards
  3 goblin zombies (D:9)
  2 hobgoblin zombies (D:9)
  A kobold skeleton (D:9)
  A kobold zombie (D:9)
  A leopard gecko skeleton (D:3)
  2 orc skeletons (D:9)
  An orc zombie (D:9)
  A quokka skeleton (D:8)
  2 quokka zombies (D:5)
  10 rats
312 creatures vanquished.

Vanquished Creatures (others)
  A cyclops (D:11)
  A centaur (D:7)
  An orc wizard (D:9)
  A worm (D:4)
  An orc (D:11)
  A kobold (D:11)
  3 plants (D:4)
9 creatures vanquished.

Grand Total: 321 creatures vanquished

Notes
Turn   | Place    | Note
-------+----------+-------------------------------------------
     0 | D:1      | Revguard the Human Fighter began the quest for the Orb.
     0 | D:1      | Reached XP level 1. HP: 18/18 MP: 1/1
   195 | D:1      | Reached XP level 2. HP: 20/24 MP: 2/2
   849 | D:2      | Reached XP level 3. HP: 16/29 MP: 3/3
  1382 | D:3      | Found an opulent altar of Gozag.
  1767 | D:3      | Reached XP level 4. HP: 30/35 MP: 4/4
  2143 | D:3      | Reached XP level 5. HP: 32/41 MP: 5/5
  2570 | D:4      | Noticed Menkaure
  2626 | D:4      | You fall through a shaft!
  2626 | D:5      | Entered Level 5 of the Dungeon
  2662 | D:5      | Reached XP level 6. HP: 26/47 MP: 6/6
  2813 | D:5      | Found a blossoming altar of Fedhas.
  2813 | D:5      | Found an ornate altar of the Wu Jian Council.
  2888 | D:5      | Found a bloodstained altar of Trog.
  2890 | D:5      | Found a faded altar of an unknown god.
  2892 | D:5      | Found a faded altar of an unknown god.
  3142 | D:5      | Found a glowing silver altar of Zin.
  3143 | D:5      | Found a stormy altar of Qazlal.
  3143 | D:5      | Found a white marble altar of Elyvilon.
  3144 | D:5      | Found a sacrificial altar of Ru.
  3159 | D:5      | Became a worshipper of Zin the Law-Giver
  3159 | D:5      | Reached * piety under Zin
  3160 | D:5      | Donated 102 gold pieces to Zin
  3247 | D:5      | Noticed a sky beast
  3263 | D:5      | Killed a sky beast
  3272 | D:5      | Reached skill level 1 in Dodging
  3272 | D:5      | Reached XP level 7. HP: 37/53 MP: 7/7
  3451 | D:5      | Noticed Sigmund
  3454 | D:5      | Found a snail-covered altar of Cheibriados.
  3462 | D:5      | Killed Sigmund
  3462 | D:5      | Reached skill level 5 in Maces & Flails
  3462 | D:5      | Reached skill level 1 in Invocations
  3765 | D:4      | Killed Menkaure
  3874 | D:4      | Reached XP level 8. HP: 46/60 MP: 9/9
  3899 | D:4      | Reached skill level 5 in Shields
  3907 | D:4      | Noticed Blork the orc
  4021 | D:4      | Killed Blork the orc
  4214 | D:4      | Noticed Pikel
  4239 | D:4      | Killed Pikel
  4239 | D:4      | Reached skill level 5 in Armour
  4239 | D:4      | Reached XP level 9. HP: 66/66 MP: 11/11
  4367 | D:4      | Found Vumeoch's Jewellery Shop.
  4690 | D:6      | Found a burning altar of Makhleb.
  4707 | D:6      | Found a staircase to the Ecumenical Temple.
  4722 | Temple   | Entered the Ecumenical Temple
  5038 | D:6      | Found a shadowy altar of Dithmenos.
  5407 | D:7      | Reached skill level 5 in Invocations
  5663 | D:7      | Reached ** piety under Zin
  5738 | D:7      | Donated 78 gold pieces to Zin
  5822 | D:7      | Identified a scroll of acquirement
  6151 | D:8      | Noticed a two-headed ogre
  6171 | D:8      | HP: 2/67 [two-headed ogre/+0 giant club (4)]
  6173 | D:8      | Killed a two-headed ogre
  6173 | D:8      | Reached skill level 5 in Fighting
  6173 | D:8      | Reached XP level 10. HP: 2/74 MP: 0/14
  7219 | D:8      | Noticed an efreet
  7815 | D:9      | Noticed an elephant
  7817 | D:9      | Found a staircase to the Lair.
  7839 | D:9      | Killed an elephant
  8066 | D:9      | Found a glowing golden altar of the Shining One.
  8111 | D:9      | Reached *** piety under Zin
  8257 | D:9      | Reached XP level 11. HP: 69/81 MP: 12/16
  9138 | D:9      | Gained mutation: You are occasionally teleported next to
                  | monsters. [potion of mutation]
  9138 | D:9      | Gained mutation: Your spells are a little harder to cast,
                  | but a little more powerful. [potion of mutation]
  9280 | D:9      | Found a staircase to the Orcish Mines.
  9309 | D:9      | Reached **** piety under Zin
  9734 | D:10     | Entered Level 10 of the Dungeon
 10531 | D:10     | Reached skill level 10 in Shields
 11047 | D:11     | Killed an unseen horror
 11332 | D:11     | Noticed a cyclops
 11346 | D:11     | Killed a cyclops
 11471 | D:11     | Reached XP level 12. HP: 28/89 MP: 18/18
 11758 | D:11     | Noticed Grum
 12020 | D:11     | Reached ***** piety under Zin
 12094 | D:11     | Killed Grum
 12094 | D:11     | Reached skill level 10 in Maces & Flails
 12752 | D:11     | Noticed a two-headed hydra
 12767 | D:11     | Killed a two-headed hydra
 13360 | D:12     | Donated 253 gold pieces to Zin
 13404 | D:12     | Noticed Josephine
 13449 | D:12     | Killed from afar by Josephine

Skill      XL: |  1  2  3  4  5  6  7  8  9 10 11 12 |
---------------+-------------------------------------+-----
Maces & Flails | 3 4 5 6 7 8 9 10 | 10.3
Shields        | 4 5 7 8 10 | 10.9
Armour         | 4 5 6 7 |  7.8
Dodging        | 1 |  1.7
Invocations    | 1 3 6 7 8 9 |  9.0
Fighting       | 4 5 6 |  6.8
Evocations     | |  0.2

Action                   |  1- 3 |  4- 6 |  7- 9 | 10-12 || total
-------------------------+-------+-------+-------+-------++-------
Melee: Flail             |   110 |       |       |       ||   110
       Mace              |       |   202 |   384 |  1313 ||  1899
Invok: Donate Gold       |       |     1 |     1 |     1 ||     3
       Recite            |       |       |    11 |    23 ||    34
       Vitalisation      |       |       |     2 |    13 ||    15
Evoke: Wand              |       |       |     6 |     7 ||    13
  Use: Scroll            |     7 |     1 |     9 |     8 ||    25
       Potion            |     1 |     3 |     9 |     9 ||    22
 Stab: Confused          |       |       |       |     8 ||     8
       Paralysed         |       |       |       |     4 ||     4
       Invisible         |       |       |       |     3 ||     3
  Eat: Chunk             |     3 |     5 |     3 |    17 ||    28
       Ration            |       |       |     2 |     4 ||     6
Armor: Scale mail        |    47 |       |       |       ||    47
       Plate armour      |    23 |   229 |   224 |   547 ||  1023
Dodge: Dodged            |    28 |    23 |    76 |   195 ||   322
Block: Shield            |    54 |   132 |   269 |  1101 ||  1556
       Reflection        |       |       |     3 |     8 ||    11
